 Dungeon Crawl Stone Soup version 0.31-a0-4-gefa6de2278 (webtiles) character file.

Game seed: 9909445277333701623

1929 Pimp the Twirler (level 8, 0/64 HPs)
             Began as a Demonspawn Fighter on May 3, 2023.
             Slain by a skeletal warrior
             ... wielding a +0 glaive
              (20 damage)
             ... on level 6 of the Dungeon.
             The game lasted 00:10:52 (4201 turns).

Pimp the Twirler (Demonspawn Fighter)               Turns: 4201, Time: 00:10:53

Health: 0/64       AC: 15    Str: 16    XL:     8   Next: 96%
Magic:  8/8        EV:  9    Int: 18    God:
Gold:   222        SH:  4    Dex: 11    Spells: 7/7 levels left

rFire   + . .        f - +12 quarterstaff "Amuysi" {flame, rF+ rC+}
rCold   + . .        (shield currently unavailable)
rNeg    . . .        b - +0 scale mail
rPois   .            t - +1 hat
rElec   .            (no cloak)
rCorr   .            (no gloves)
SInv    .            m - +0 pair of boots
Will    +....        (no amulet) Stlth
                     e - ring of willpower
HPRegen 0.30/turn    o - ring of flight
MPRegen 0.11/turn

%: no passive effects
@: mighty, flying, hasted, very quick
A: horns 1, icy blue scales 1, icemail 1, condensation shield, demonic magic 1,
clever 2
a: no special abilities


You were on level 6 of the Dungeon.
You visited 1 branch of the dungeon, and saw 6 of its levels.
You also visited: Ossuary.

You collected 222 gold pieces.

Inventory:

Hand Weapons
 a - a +0 war axe
 f - the +12 quarterstaff "Amuysi" (weapon) {flame, rF+ rC+}
   (You acquired it on level 2 of the Dungeon)

   rF:        It protects you from fire.
   rC:        It protects you from cold.
 k - the +3 hand axe of the Morning {speed, rCorr Int+2 Dex+4}
   (You found it on level 5 of the Dungeon)

   Int:       It affects your intelligence (+2).
   Dex:       It affects your dexterity (+4).
   rCorr:     It protects you from acid and corrosion.
Armour
 b - a +0 scale mail (worn)
 c - a +0 buckler
 m - a +0 pair of boots (worn)
 t - a +1 hat (worn)
Jewellery
 e - a ring of willpower (left hand)
 g - a ring of resist corrosion
 h - a ring of ice
 o - a ring of flight (right hand)
Wands
 q - a wand of iceblast (5)
Scrolls
 i - a scroll of brand weapon {unknown}
 j - 2 scrolls of identify
 r - 3 scrolls of teleportation
 w - a scroll of enchant weapon {unknown}
 x - a scroll of magic mapping {unknown}
 y - 2 scrolls of vulnerability {unknown}
 z - a scroll of blinking {unknown}
 A - a scroll of butterflies {unknown}
Potions
 d - a potion of might
 n - 4 potions of attraction
 u - 2 potions of mutation


   Skills:
 + Level 6.0 Fighting
 - Level 2.4 Axes
 * Level 6.2 Staves
 + Level 5.5 Armour
 + Level 5.5 Shields


You had 7 spell levels left.
You didn't know any spells.
Your spell library was empty.

Dungeon Overview and Level Annotations

Branches:
Dungeon (6/15)            Ossuary (visited)
 Temple: D:4-7

Altars:


Innate Abilities, Weirdness & Mutations

You have a pair of small horns on your head.
You are partially covered in icy blue scales. (AC +2)
A meltable icy envelope protects you from harm. (AC +4)
A meltable shield of frost defends you. (SH +4)
Spells you cast may paralyse adjacent enemies.
Your mind is very acute. (Int +8, Str/Dex -2)


Message History

The skeletal warrior hits you but does no damage.
The skeletal warrior hits you from afar with a +0 glaive!
The skeletal warrior hits you with a +0 glaive!
You sock the skeletal warrior! You burn the skeletal warrior.
The skeletal warrior is lightly damaged.
You block the skeletal warrior's attack.
You barely miss the skeletal warrior.
The skeletal warrior is lightly damaged.
You block the skeletal warrior's attack.
You hit the skeletal warrior. You burn the skeletal warrior.
The skeletal warrior is moderately damaged.
You block the skeletal warrior's attack.
You sock the skeletal warrior! You burn the skeletal warrior.
You headbutt the skeletal warrior.
The skeletal warrior is heavily damaged.
The skeletal warrior hits you with a +0 glaive!!
You closely miss the skeletal warrior.
You headbutt the skeletal warrior, but do no damage.
The skeletal warrior is heavily damaged.
The skeletal warrior hits you with a +0 glaive!
* * * LOW HITPOINT WARNING * * *
You feel much better. The skeletal warrior barely misses you.
You closely miss the skeletal warrior.
You headbutt the skeletal warrior, but do no damage.
The skeletal warrior is heavily damaged.
The skeletal warrior hits you with a +0 glaive!
* * * LOW HITPOINT WARNING * * *
You feel yourself speed up.
The skeletal warrior hits you but does no damage.
You hit the skeletal warrior but do no damage.
The skeletal warrior is heavily damaged.
The skeletal warrior closely misses you.
You hit the skeletal warrior but do no damage.
The skeletal warrior is heavily damaged.
You bludgeon the skeletal warrior!! You burn the skeletal warrior!
The skeletal warrior is almost destroyed.
The skeletal warrior hits you but does no damage.
You feel very mighty all of a sudden.
The skeletal warrior hits you with a +0 glaive!!
You die...

.# #.# ..#..#. # ##.#
...)...# #### ..' .......
...# #.####.# ........ ##.#
....##.##....#... #.#
#.#.##........... #.#
#.#.##..$#l....:# #.#
#.#.##.#..## #.#
#.#.@z.#<..# #.#
########.#.######...# #.#
#......................
#.###.######.#########..###
#.....# #........ ..#
####### ######### #.# .#


You could see a skeletal warrior.

Vanquished Creatures
  A kobold demonologist (D:5)
  2 water moccasins
  Duvessa (D:5)
  An ice beast (D:5)
  A black bear (D:3)
  3 phantoms
  A kobold brigand (D:5)
  A scorpion (D:5)
  Dowan (D:5)
  2 hounds
  2 orc priests (D:5)
  3 iguanas (D:5)
  Jessica (D:3)
  Terence (D:3)
  2 sleepcaps
  13 mummies (Ossuary)
  3 gnolls (D:2)
  12 adders
  A shadow imp (D:5)
  2 dart slugs (D:3)
  5 worms
  14 orcs
  4 endoplasms
  3 giant cockroaches
  6 goblins
  11 hobgoblins
  6 jackals
  3 quokkas
  3 ball pythons (D:1)
  8 bats
  2 frilled lizards (D:3)
  3 gnoll skeletons (Ossuary)
  3 goblin skeletons (Ossuary)
  8 kobolds
  2 orc skeletons (Ossuary)
  7 rats
  11 rat skeletons (Ossuary)
153 creatures vanquished.

Notes
Turn   | Place    | Note
-------+----------+-------------------------------------------
     0 | D:1      | Pimp the Demonspawn Fighter began the quest for the Orb.
     0 | D:1      | Reached XP level 1. HP: 18/18 MP: 1/1
   128 | D:1      | Gained mutation: You are partially covered in icy blue
                  | scales. (AC +2) [demonic ancestry]
   128 | D:1      | Reached XP level 2. HP: 13/24 MP: 2/2
   530 | D:1      | Gained mutation: A meltable shield of frost defends you.
                  | (SH +4) [demonic ancestry]
   530 | D:1      | Reached XP level 3. HP: 29/29 MP: 3/3
  1025 | D:2      | Found a faded altar of an unknown god.
  1386 | D:2      | Identified a scroll of acquirement
  1386 | D:2      | Acquired the +12 quarterstaff "Amuysi" {flame, rF+ rC+}
  1397 | D:2      | Gained mutation: Spells you cast may paralyse adjacent
                  | enemies. [demonic ancestry]
  1397 | D:2      | Reached XP level 4. HP: 6/35 MP: 4/4
  1431 | D:2      | Reached skill level 1 in Staves
  1687 | D:3      | Noticed a black bear
  1694 | D:3      | Killed a black bear
  1695 | D:3      | Gained mutation: You have a pair of small horns on your
                  | head. [demonic ancestry]
  1695 | D:3      | Reached XP level 5. HP: 37/42 MP: 5/5
  1873 | D:3      | Reached XP level 6. HP: 48/48 MP: 6/6
  1957 | D:3      | Noticed Jessica
  1958 | D:3      | Killed Jessica
  2070 | D:3      | Noticed Terence
  2076 | D:3      | Killed Terence
  2458 | D:4      | You are sucked into a shaft and drop 2 floors!
  2520 | D:6      | Gained mutation: Your mind is acute. (Int +4, Str/Dex -1)
                  | [potion of mutation]
  2520 | D:6      | Gained mutation: Your mind is very acute. (Int +8, Str/Dex
                  | -2) [potion of mutation]
  2668 | D:5      | Entered Level 5 of the Dungeon
  2668 | D:5      | Noticed an ice beast
  2676 | D:5      | Gained mutation: A meltable icy envelope protects you from
                  | harm. (AC +4) [demonic ancestry]
  2676 | D:5      | Reached XP level 7. HP: 38/55 MP: 7/7
  2755 | D:5      | Found a sand-covered staircase.
  2766 | Ossuary  | Entered an ossuary
  3223 | D:5      | Reached skill level 5 in Fighting
  3407 | D:5      | Noticed Duvessa
  3408 | D:5      | Noticed Dowan
  3423 | D:5      | Killed Duvessa
  3424 | D:5      | Reached XP level 8. HP: 41/62 MP: 8/8
  3498 | D:5      | Killed Dowan
  3661 | D:5      | Reached skill level 5 in Staves
  3729 | D:5      | Reached skill level 5 in Armour
  3729 | D:5      | Reached skill level 5 in Shields
  3835 | D:5      | Identified the +3 hand axe of the Morning {speed, rCorr
                  | Int+2 Dex+4}
  3888 | D:6      | Noticed a kobold demonologist
  3888 | D:6      | Noticed a skeletal warrior
  3890 | D:6      | Noticed an orange demon
  3999 | D:5      | Killed a kobold demonologist
  4201 | D:6      | Slain by a skeletal warrior

Illustrated notes

Levels and vault maps discovered:
D:1:      psy_arrival_radial01, layout_rooms, chequers_hall_statues_wall_a,
          supply_closet_lemuel
D:2:      layout_basic, hellmonk_ecumenical_altar_arch_garden
D:3:      minmay_angry_zag, layout_basic, st_stairs_13, hellmonk_no_cap,
          uniq_jessica, uniq_terence
D:4:      layout_gridville, pdpol_temple_overflow_zin_treasury_gozag_greed,
          nrook_campfire
D:5:      layout_gridville, nicolae_ossuary_entry_monument, uniq_duvessa
D:6:      layout_basic, lemuel_zombie_altar_kikubaaqudgha, minmay_manual_moon

Skill      XL: |  1  2  3  4  5  6  7  8 |
---------------+-------------------------+-----
Axes           | 2 |  2.4
Shields        | 3 4 5 |  5.5
Armour         | 3 4 5 |  5.5
Staves         | 2 3 4 6 |  6.2
Fighting       | 4 5 6 |  6.0

Action                     |  1- 3 |  4- 6 |  7- 9 || total
---------------------------+-------+-------+-------++-------
  Melee: War axe           |   113 |    16 |       ||   129
         Quarterstaff      |       |    72 |   136 ||   208
         Headbutt          |       |     4 |    23 ||    27
    Use: Scroll            |     1 |     5 |     6 ||    12
         Potion            |       |     2 |    11 ||    13
 Armour: Scale mail        |    78 |    44 |    55 ||   177
         Skin              |       |       |     1 ||     1
  Dodge: Dodged            |    89 |    53 |    33 ||   175
  Block: Buckler           |    45 |    17 |       ||    62
         Other             |       |    14 |    19 ||    33

Table legend: (Time is in decaauts)
 A = Elapsed time spent in this place.
 B = Non-inter-level travel time spent in this place.
 C = Inter-level travel time spent in this place.
 D = Time resting spent in this place.
 E = Time spent auto-exploring this place.
 F = Levels seen in this place.
 G = Mean time per level.
                   A        B        C        D        E       F      G
               +--------+--------+--------+--------+--------+-----+--------+
         Total |   4258 |   4066 |    192 |    473 |   2402 |   7 |  608.3 |
       Dungeon |   3828 |   3636 |    192 |    473 |   2164 |   6 |  638.0 |
       Ossuary |    429 |    429 |      0 |      0 |    238 |   1 |  429.0 |
               +--------+--------+--------+--------+--------+-----+--------+

Top non-repeatable levels by time:
     D:5: 1001 daAuts
     D:2: 926 daAuts
     D:3: 863 daAuts
     D:1: 731 daAuts
 Ossuary: 429 daAuts
     D:6: 305 daAuts
